 Dungeon Crawl Stone Soup version 0.30-a0-605-gb2882149bf (webtiles) character file.

Game seed: 6753262257225735444

728 bande the Covered (level 7, 0/44 HPs)
             Began as a Gargoyle Fighter on Jan 8, 2023.
             Slain by a water moccasin (6 damage)
             ... on level 5 of the Dungeon.
             The game lasted 00:07:26 (4855 turns).

bande the Covered (Gargoyle Fighter)                Turns: 4855, Time: 00:07:27

Health: 0/44       AC: 14    Str: 19    XL:     7   Next: 72%
Magic:  7/7        EV:  4    Int:  9    God:
Gold:   149        SH: 14    Dex: 11    Spells: 6/6 levels left

rFire   . . .      SeeInvis .    a - +0 war axe
rCold   . . .      Faith    .    n - +1 tower shield
rNeg    + . .      Spirit   .    r - +0 chain mail
rPois   ∞          Reflect  .    (no helmet)
rElec   +          Harm     .    (no cloak)
rCorr   .          Rampage  .    (no gloves)
Will    .....                    (no boots) Stlth
                                 (no amulet)
HPRegen 0.27/turn                (no ring)
MPRegen 0.10/turn                (no ring)

@: no status effects
A: sickness immunity, AC +4, negative energy resistance 1, electricity
resistance, torment resistance 1, petrification resistance
a: no special abilities


You were on level 5 of the Dungeon.
You visited 1 branch of the dungeon, and saw 5 of its levels.

You collected 194 gold pieces.
You spent 45 gold pieces at shops.

Inventory:

Hand Weapons
 a - a +0 war axe (weapon)
 b - a +0 flail
Armour
 n - a +1 tower shield (worn)
 r - a +0 chain mail (worn)
Wands
 c - a wand of polymorph (9)
 p - a wand of flame (17)
Scrolls
 j - a scroll of blinking
 k - a scroll of poison
 l - 2 scrolls of amnesia
Potions
 d - 2 potions of might
 e - a potion of mutation
 h - a potion of heal wounds
 i - 2 potions of curing
 m - a potion of haste
 o - a potion of flight {unknown}
 q - a potion of resistance {unknown}


   Skills:
 + Level 4.6 Fighting
 + Level 4.6 Axes
 + Level 5.4 Armour
 + Level 5.1 Shields
 * Level 2.1 Evocations


You had 6 spell levels left.
You didn't know any spells.
Your spell library contained the following spells:

 Spells                   Type           Power      Damage    Failure   Level
 Kiss of Death            Conj/Necr      0%         2d5       100%        1
 Confusing Touch          Hex            0%         N/A       100%        3
 Dispel Undead            Necr           0%         3d6       100%        4


Dungeon Overview and Level Annotations

Branches:
Dungeon (5/15)
 Temple: D:4-7

Altars:
Trog

Shops:
D:2 [

Portals:
Sewer: D:5


Innate Abilities, Weirdness & Mutations

You are immune to sickness and miasma.
Your stone body is resilient. (AC +4)
You are immune to poison.
You resist negative energy. (rN+)
You are resistant to electric shocks. (rElec)
You are resistant to unholy torment.
You are immune to petrification.


Message History

You block the water moccasin's attack.
The water moccasin bites you but does no damage. x2
You barely miss the water moccasin.
The water moccasin is heavily wounded.
You block the water moccasin's attack. The water moccasin bites you.
You hit the water moccasin.
The water moccasin is heavily wounded.
The water moccasin bites you. You block the water moccasin's attack.
You closely miss the water moccasin.
The water moccasin is heavily wounded.
You block the water moccasin's attack. x2; The water moccasin bites you.
You closely miss the water moccasin.
The water moccasin is heavily wounded.
The water moccasin bites you but does no damage. x2
You barely miss the water moccasin.
The water moccasin is heavily wounded.
The water moccasin bites you but does no damage.
The water moccasin bites you.
* * * LOW HITPOINT WARNING * * *
You closely miss the water moccasin.
The water moccasin is heavily wounded.
The water moccasin bites you but does no damage. x2
The water moccasin bites you.
* * * LOW HITPOINT WARNING * * *
You hit the water moccasin but do no damage.
The water moccasin is heavily wounded.
The water moccasin barely misses you. The water moccasin closely misses you.
You hit the water moccasin.
The water moccasin is heavily wounded.
You block the water moccasin's attack. The water moccasin barely misses you.
You miss the water moccasin.
The water moccasin is heavily wounded.
The water moccasin bites you.
* * * LOW HITPOINT WARNING * * *
The water moccasin bites you.
* * * LOW HITPOINT WARNING * * *
You closely miss the water moccasin.
The water moccasin is heavily wounded.
The water moccasin bites you.
You die...

**,,*,**,** **,,
##*#.,,**,,,,***,,, *****
##.,..,,,,,,,,,**,,* *,,,*
**##..*######,*,,,**,,*
*,,,****,*...*~~~~~#,**,,,,,,,
*,,,*,*,,,#..*~~~~~#,,##,**,,,
*,,,,,,,,,#..*~~∩~~#,...,,,,,,
*,,,,,,,,*#..#~~~~~#..#,,,,,,,
**,,,,>,,,**#.@######..#*,,**,,
*,,,,,,,,,**#.S.....[.#*,,,,*,,
*,,,,,***,.###....####...,,**,, *
*,,,,,,**,.......<#*,,,,,,,***,
***,,,,,*,,.........)......,,,***
,,,,,,,,,,.................,,,***
,,,,,**,,,.................,,,,*,
*,,,***,,,##.....[.........,,,,,,
***,,**,,**##..............,,,,,,


You could see a water moccasin.

Vanquished Creatures
  2 black bears
  An ogre (D:5)
  A necrophage (D:4)
  A scorpion (D:2)
  An orc priest (D:4)
  An iguana (D:4)
  Ijyb (D:4)
  Natasha (twice) (D:2)
  An orc wizard (D:3)
  The ghost of sokol815 the Sneak, a weakling OpBr (D:3)
  8 adders
  4 river rats (D:5)
  A dart slug (D:2)
  6 orcs
  8 endoplasms
  2 giant cockroaches
  4 goblins
  4 hobgoblins
  3 jackals (D:3)
  4 kobolds
  4 ball pythons
  5 bats
  3 frilled lizards
  6 rats
74 creatures vanquished.

Vanquished Creatures (others)
  16 plants (D:4)
16 creatures vanquished.

Grand Total: 90 creatures vanquished

Notes
Turn   | Place    | Note
-------+----------+-------------------------------------------
     0 | D:1      | bande the Gargoyle Fighter began the quest for the Orb.
     0 | D:1      | Reached XP level 1. HP: 14/14 MP: 1/1
   272 | D:1      | Reached XP level 2. HP: 16/19 MP: 2/2
   814 | D:2      | Noticed Natasha
   821 | D:2      | Noticed a crimson imp
   821 | D:2      | Killed Natasha
   822 | D:2      | Reached XP level 3. HP: 24/24 MP: 3/3
   990 | D:2      | Found a faded altar of an unknown god.
  1073 | D:2      | Found Yteir's Armour Shop.
  1141 | D:2      | Bought a +0 tower shield for 45 gold pieces
  1185 | D:2      | Reached XP level 4. HP: 21/29 MP: 4/4
  1249 | D:2      | Noticed Natasha
  1256 | D:2      | Killed Natasha
  2118 | D:3      | Noticed a scorpion
  2143 | D:2      | Killed a scorpion
  2144 | D:2      | Reached XP level 5. HP: 17/33 MP: 5/5
  2244 | D:3      | Found a runed translucent door.
  2704 | D:3      | Reached XP level 6. HP: 34/38 MP: 6/6
  2743 | D:3      | Noticed sokol815's ghost (weakling OpBr)
  2753 | D:3      | Killed sokol815's ghost
  2775 | D:4      | Noticed a black bear
  2775 | D:4      | Noticed a black bear
  2775 | D:4      | Found a bloodstained altar of Trog.
  2798 | D:3      | Killed a black bear
  3184 | D:4      | Killed a black bear
  3185 | D:4      | Reached skill level 1 in Evocations
  3439 | D:4      | Reached XP level 7. HP: 27/44 MP: 7/7
  3675 | D:4      | Reached skill level 5 in Armour
  4064 | D:4      | Noticed Ijyb
  4077 | D:4      | Killed Ijyb
  4521 | D:4      | Reached skill level 5 in Shields
  4778 | D:5      | Entered Level 5 of the Dungeon
  4835 | D:5      | Found a glowing drain.
  4855 | D:5      | Slain by a water moccasin

Illustrated notes

Levels and vault maps discovered:
D:1:      lightli_arrival_noodles, layout_loops_cross
D:2:      layout_basic, serial_curves, eino_curves_03, eino_curves_02,
          eino_curves_02, serial_shops, shop,
          shapermc_ecumenical_altar_notcrosses, uniq_natasha
D:3:      layout_basic, ebering_ghost_reflecting_pool,
          chequers_serial_rivers_micro_c
D:4:      layout_basic, trog_ov_bears_minmay, kennysheep_boxes, uniq_ijyb
D:5:      layout_cave_pools, nicolae_wu_jian_wuxing_cycle, portal_sewer_entry_c

Skill      XL: |  1  2  3  4  5  6  7 |
---------------+----------------------+-----
Axes           | 2 3 4 |  4.6
Armour         | 4 5 |  5.4
Fighting       | 4 |  4.6
Shields        | 4 5 |  5.1
Evocations     | 1 2 |  2.1

Action                   |  1- 3 |  4- 6 |  7- 9 || total
-------------------------+-------+-------+-------++-------
Melee: War axe           |    81 |   152 |   124 ||   357
  Use: Scroll            |     2 |     8 |     4 ||    14
       Potion            |       |     1 |       ||     1
Armor: Scale mail        |    39 |   116 |       ||   155
       Chain mail        |       |       |    72 ||    72
       Skin              |       |       |     7 ||     7
Dodge: Dodged            |    35 |    35 |    31 ||   101
Block: Buckler           |    15 |       |       ||    15
       Tower shield      |     2 |   156 |   101 ||   259

Table legend: (Time is in decaauts)
 A = Elapsed time spent in this place.
 B = Non-inter-level travel time spent in this place.
 C = Inter-level travel time spent in this place.
 D = Time resting spent in this place.
 E = Time spent auto-exploring this place.
 F = Levels seen in this place.
 G = Mean time per level.
                   A        B        C        D        E       F      G
               +--------+--------+--------+--------+--------+-----+--------+
         Total |   5097 |   4885 |    212 |   1215 |   2464 |   5 | 1019.4 |
       Dungeon |   5097 |   4885 |    212 |   1215 |   2464 |   5 | 1019.4 |
               +--------+--------+--------+--------+--------+-----+--------+

Top non-repeatable levels by time:
     D:4: 1432 daAuts
     D:2: 1430 daAuts
     D:3: 1340 daAuts
     D:1: 773 daAuts
     D:5: 119 daAuts
